 Dungeon Crawl Stone Soup version 0.20.1-1-g8b1a95d (console) character file.

2680 vuolankoinen the Nimble (level 9, 0/43 HPs)
             Began as a Felid Summoner on Nov 8, 2017.
             Was a Priest of Sif Muna.
             Slain by an orc
             ... wielding a +0 trident
              (4 damage)
             ... on level 9 of the Dungeon.
             The game lasted 01:25:13 (16055 turns).

vuolankoinen the Nimble (Felid Summoner)           Turns: 16055, Time: 01:25:14

Health: 0/43       AC:  5    Str:  6    XL:     9   Next: 37%
Magic:  14/19      EV: 28    Int: 22    God:    Sif Muna [***...]
Gold:   536        SH:  0    Dex: 23    Spells: 3/20 levels left
                                        Lives:  0   Deaths: 2

rFire    . . .     SeeInvis +     - Unarmed
rCold    + . .     Gourm    .   (shield unavailable)
rNeg     . . .     Faith    .   (armour unavailable)
rPois    .         Spirit   .   (helmet unavailable)
rElec    +         Reflect  .   (cloak unavailable)
rCorr    .         Harm     .   (gloves unavailable)
MR       +....                  (boots unavailable)
Stlth    ++++++....             (no amulet)
Regen    0.2/turn               k - ring of Winter {rC+ Int+4 Dex+6}
MPRegen  0.2/turn               s - ring "Foghel" {rElec AC+3 Stlth+}

@: quick
A: no armour, no weapons or thrown items, stealth, claws 1, fangs 3, see
invisible, carnivore 3, speed 1, shaggy fur 2, slow metabolism 1, sharp paws
a: Divine Energy, Channel Magic, Renounce Religion


You were on level 9 of the Dungeon.
You worshipped Sif Muna.
Sif Muna was most pleased with you.
You were very full.

You visited 2 branches of the dungeon, and saw 10 of its levels.

You collected 536 gold pieces.

Inventory:

Jewellery
 g - an uncursed ring of magical power
 k - the ring of Winter (left paw) {rC+ Int+4 Dex+6}
   (You took it off a gnoll sergeant on level 8 of the Dungeon)

   [ring of intelligence]

   It affects your intelligence (+4).
   It affects your dexterity (+6).
   It protects you from cold.
 s - the ring "Foghel" (right paw) {rElec AC+3 Stlth+}
   (You found it on level 4 of the Dungeon)

   [ring of protection]

   It affects your AC (+3).
   It insulates you from electricity.
   It makes you more stealthy.
 w - a +3 ring of dexterity
 A - an uncursed ring of stealth
Wands
 c - a wand of paralysis (0/24)
 D - a wand of polymorph (6/24)
Scrolls
 d - 5 scrolls of teleportation
 h - 2 scrolls of fog
 j - 2 scrolls of recharging
 l - 3 scrolls of remove curse {unknown}
 m - 6 scrolls of enchant weapon
 n - a scroll of immolation {unknown}
 u - 2 scrolls of fear
 y - a scroll of noise {unknown}
 B - a scroll of blinking {unknown}
 C - 3 scrolls of amnesia {unknown}
Potions
 e - 3 potions of brilliance
 f - 3 potions of cancellation
 i - 3 potions of berserk rage
 p - 2 potions of ambrosia
 q - 2 potions of curing
 r - 2 potions of agility
 t - 5 potions of flight
 v - a potion of mutation
 x - a potion of heal wounds
Books
 a - a book of Callings

   Spells                             Type                      Level
   a - Summon Small Mammal            Summoning                    1
   b - Call Imp                       Summoning                    2
   c - Call Canine Familiar           Summoning                    3
   d - Summon Guardian Golem          Hexes/Summoning              3
   e - Summon Lightning Spire         Summoning/Air                4
   f - Summon Ice Beast               Ice/Summoning                4
Comestibles
 b - 4 meat rations
 o - 11 royal jellies


   Skills:
 * Level 7.0 Fighting
 * Level 9.8 Dodging
 + Level 7.4 Stealth
 + Level 6.5 Unarmed Combat
 + Level 6.3 Spellcasting
 + Level 7.4 Summonings
 + Level 2.2 Ice Magic
 + Level 1.3 Air Magic
 - Level 1.0 Evocations


You had 3 spell levels left.
You knew the following spells:

 Your Spells              Type           Power        Failure   Level  Hunger
a - Summon Small Mammal   Summ           ####         1%          1    None
b - Call Imp              Summ           #####...     1%          2    None
c - Call Canine Familiar  Summ           #####...     1%          3    #......
d - Summon Ice Beast      Ice/Summ       ####....     12%         4    ###....
e - Summon Lightning Spi  Summ/Air       ####....     14%         4    ###....
f - Summon Guardian Gole  Hex/Summ       ###.....     5%          3    #......


Dungeon Overview and Level Annotations

Branches:
Dungeon (9/15)             Temple (1/1) D:4            Lair (0/6) D:9
    Orc (0/2) D:9

Altars:
Ashenzari
Cheibriados
Dithmenos
Elyvilon
Fedhas
Gozag
Hepliaklqana
Kikubaaqudgha
Makhleb
Nemelex Xobeh
Okawaru
Qazlal
Ru
Sif Muna
Trog
Uskayaw
Vehumet
Xom
Yredelemnul
Zin
The Shining One

Annotations:
D:8 1 runed door, exclusion: centaur warrior, Gastronok
D:9 exclusion: killer bee


Innate Abilities, Weirdness & Mutations

You cannot wear armour.
You are incapable of wielding weapons or throwing items.
Your paws allow you to move quietly. (Stealth)
You have sharp claws.
You have razor-sharp teeth.
You have supernaturally acute eyesight. (SInv)
You are carnivorous and can eat meat at any time.
You cover ground quickly.
You are covered in thick fur. (AC +2)
You have a slow metabolism.
Your sharp claws are effective at attacking unaware monsters.


Message History

The orc misses you. The orc warrior closely misses you.
You barely miss the orc warrior. You bite the orc warrior.
The orc warrior is severely wounded.
You scratch the orc warrior but do no damage.
You bite the orc warrior, but do no damage.
The orc warrior is severely wounded.
The orc completely misses you. The orc warrior closely misses you.
You scratch the orc warrior but do no damage.
The orc warrior is severely wounded.
The orc hits you from afar with a trident.
The orc warrior completely misses you.
You closely miss the orc warrior.
The orc warrior is severely wounded.
The orc completely misses you.
You scratch the orc warrior but do no damage.
The orc warrior is severely wounded.
The orc warrior hits you with a battleaxe!!
* * * LOW HITPOINT WARNING * * *
The orc hits you from afar with a trident.
You die...

########## #........#
#.######.# #.# #.#
#######.######)###########
..............5h@oo......#
######.........#########.#
h#####.§######.# #>#
.......<# #.# #.#
.#####..# #.# #.#### ## ##
##.. #.....#####.##.####.
# ###.
#................... . ##
##.####.##....... #.#
#.###.###.# .. #.#
#.###.###5# #.##.##### #.#
#......§...


You could see an orc warrior, an orc, a friendly wolf and a friendly crimson
imp.

Vanquished Creatures
  2 hippogriffs (D:8)
  A slime creature (D:7)
  Sigmund (D:4)
  A steam dragon (D:9)
  Edmund (D:4)
  A water moccasin (D:8)
  3 ice beasts
  An orc warrior (D:9)
  A sky beast (D:8)
  2 phantoms
  A necrophage (D:8)
  4 ogres
  A centaur (D:6)
  2 crocodiles
  A big kobold (D:8)
  2 bullfrogs
  4 killer bees (D:8)
  2 crimson imps
  3 hounds
  7 jellies
  A centaur skeleton (D:8)
  An orc priest (D:9)
  2 bullfrog skeletons
  3 orc wizards
  3 iguanas
  5 worker ants
  A hell rat (D:7)
  A hound skeleton (D:8)
  7 gnolls
  8 adders
  3 river rats (D:7)
  A shadow imp (D:7)
  An ooze (D:7)
  An adder skeleton (D:7)
  An adder zombie (D:8)
  2 worms (D:2)
  A dart slug (D:5)
  2 leopard geckos
  10 orcs
  7 bats
  9 giant cockroaches
  6 goblins
  3 hobgoblins
  7 kobolds
  8 quokkas
  3 ball pythons
  2 frilled lizards
  A jackal zombie (D:5)
  A quokka zombie (D:7)
  21 rats
163 creatures vanquished.

Vanquished Creatures (collateral kills)
  Erica (D:8)
  The ghost of Thaneod the Skirmisher, a novice DgFi (D:5)
  A queen bee (D:8)
  A hippogriff (D:8)
  4 slime creatures
  Eustachio (D:4)
  A wyvern (D:8)
  2 yaks (D:9)
  A basilisk (D:9)
  2 orc warriors (D:6)
  2 ice beasts (D:5)
  2 phantoms
  The ghost of StylePro the Skirmisher, an amateur NaFi (D:3)
  2 ogres
  2 centaurs (D:8)
  2 crocodiles (D:9)
  2 gnoll sergeants (D:8)
  A scorpion (D:8)
  10 killer bees (D:8)
  A bullfrog zombie (D:7)
  A jelly (D:5)
  2 orc wizards
  2 iguanas (D:4)
  2 hell rats (D:7)
  3 worker ants
  6 gnolls
  A river rat (D:7)
  An adder (D:1)
  A shadow imp (D:6)
  An ooze (D:2)
  4 worms
  A dart slug (D:1)
  2 orcs
  2 giant cockroaches
  A quokka (D:7)
  A bat (D:2)
  2 rats (D:7)
73 creatures vanquished.

Vanquished Creatures (others)
  3 yaks (D:9)
  15 bushes (D:8)
18 creatures vanquished.

Grand Total: 254 creatures vanquished

Notes
Turn   | Place    | Note
-------+----------+-------------------------------------------
     0 | D:1      | vuolankoinen the Felid Summoner began the quest for the Orb.
     0 | D:1      | Reached XP level 1. HP: 7/7 MP: 4/4
   402 | D:1      | Reached skill level 3 in Dodging
   571 | D:1      | Reached XP level 2. HP: 11/12 MP: 6/6
   578 | D:1      | Learned a level 2 spell: Call Imp
  1310 | D:1      | Reached skill level 1 in Fighting
  1494 | D:1      | Reached skill level 1 in Unarmed Combat
  1692 | D:1      | Reached XP level 3. HP: 10/15 MP: 2/7
  3449 | D:2      | Reached skill level 4 in Dodging
  3449 | D:2      | Reached XP level 4. HP: 12/19 MP: 1/8
  4222 | D:3      | Noticed StylePro's ghost (amateur NaFi)
  4230 | D:3      | Learned a level 3 spell: Call Canine Familiar
  4260 | D:3      | Killed StylePro's ghost
  4260 | D:3      | Reached XP level 5. HP: 22/22 MP: 0/9
  4386 | D:4      | Noticed an ogre
  4406 | D:4      | Noticed an ogre
  4439 | D:4      | Killed an ogre
  4694 | D:4      | Found a glowing golden altar of the Shining One.
  4924 | D:4      | Gained mutation: You are covered in thick fur. (AC +2) [Felid growth]
  4924 | D:4      | Reached XP level 6. HP: 26/26 MP: 10/10
  5111 | D:4      | Found a blossoming altar of Fedhas.
  5113 | D:4      | Found a shattered altar of Ashenzari.
  5113 | D:4      | Found a basalt altar of Yredelemnul.
  5113 | D:4      | Found a bloodstained altar of Trog.
  5242 | D:4      | Got a smoking steel ring
  5243 | D:4      | Identified the ring "Foghel" {rElec AC+3 Stlth+} (You found it on level 4 of the Dungeon)
  5295 | D:4      | Found a staircase to the Ecumenical Temple.
  5329 | D:4      | Reached skill level 5 in Dodging
  5342 | Temple   | Entered the Ecumenical Temple
  5638 | Temple   | Became a worshipper of Sif Muna the Loreminder
  5677 | D:4      | Noticed Eustachio
  5726 | D:5      | Entered Level 5 of the Dungeon
  6065 | D:5      | Noticed Thaneod's ghost (novice DgFi)
  6089 | D:5      | Killed Thaneod's ghost
  6089 | D:5      | Reached XP level 7. HP: 18/31 MP: 6/12
  6373 | D:5      | Reached skill level 5 in Stealth
  6588 | D:5      | Reached skill level 6 in Dodging
  6588 | D:5      | Reached skill level 5 in Summonings
  6830 | D:6      | Reached XP level 8. HP: 34/34 MP: 14/14
  6857 | D:6      | Found a shimmering altar of Xom.
  6859 | D:6      | Found a stormy altar of Qazlal.
  7269 | D:6      | Learned a level 4 spell: Summon Ice Beast
  7426 | D:7      | Reached skill level 5 in Unarmed Combat
  7777 | D:7      | Reached * piety under Sif Muna
  7809 | D:7      | Reached skill level 1 in Ice Magic
  8175 | D:7      | Reached skill level 7 in Dodging
  8527 | D:7      | HP: 1/36 [crocodile (16)]
  8866 | D:7      | Found a sparkling altar of Nemelex Xobeh.
  9275 | D:8      | Noticed Maurice
  9275 | D:8      | Noticed a hippogriff
  9281 | D:8      | Noticed Erica
  9312 | D:8      | Killed Erica
  9312 | D:8      | Reached XP level 9. HP: 5/40 MP: 11/16
  9643 | D:8      | Noticed Gastronok
  9682 | D:6      | Reached skill level 5 in Fighting
  9913 | D:6      | Learned a level 4 spell: Summon Lightning Spire
  9917 | D:6      | Learned a level 3 spell: Summon Guardian Golem
 10119 | D:4      | Noticed Sigmund
 10126 | D:4      | Killed Sigmund
 10145 | D:4      | Noticed Edmund
 10147 | D:4      | Killed Edmund
 10147 | D:4      | Reached skill level 1 in Air Magic
 10267 | D:4      | Killed Eustachio
 10267 | D:4      | Reached skill level 5 in Spellcasting
 10462 | D:8      | Paralysed by Maurice for 7 turns
 10538 | D:8      | Reached skill level 8 in Dodging
 11048 | D:8      | Reached ** piety under Sif Muna
 11749 | D:8      | Noticed a queen bee
 12587 | D:7      | Reached XP level 10. HP: 45/45 MP: 2/19
 13280 | D:8      | Found a runed door.
 13280 | D:8      | Noticed a centaur warrior
 13280 | D:8      | Noticed a yaktaur captain
 13280 | D:8      | Noticed an unseen horror
 13315 | D:8      | Found a blossoming altar of Fedhas.
 13809 | D:8      | Reached skill level 9 in Dodging
 13816 | D:8      | Killed from afar by Gastronok
 13817 | D:8      | Reached XP level 9. HP: 0/41 MP: 26/27
 13875 | D:8      | Killed a queen bee
 14292 | D:8      | Killed from afar by an orc wizard
 14293 | D:8      | Reached XP level 8. HP: -1/39 MP: 22/27
 14382 | D:8      | Noticed Maurice
 14382 | D:8      | Maurice changed into Maurice the big kobold
 14399 | D:8      | Killed Maurice the big kobold
 14652 | D:8      | Reached skill level 1 in Evocations
 14767 | D:9      | Found a snail-covered altar of Cheibriados.
 14974 | D:9      | Reached XP level 9. HP: 29/42 MP: 19/19
 15074 | D:9      | Found a staircase to the Lair.
 15535 | D:8      | Reached *** piety under Sif Muna
 15541 | D:8      | Got a transparent lead ring
 15545 | D:8      | Identified the ring of Winter {rC+ Int+4 Dex+6} (You took it off a gnoll sergeant on level 8 of the Dungeon)
 15968 | D:9      | Found a staircase to the Orcish Mines.
 16055 | D:9      | Slain by an orc

Skill      XL: |  1  2  3  4  5  6  7  8  9 10 |
---------------+-------------------------------+-----
Dodging        | 3 4 5 6 7 8 9 |  9.8
Stealth        | 3 4 5 6 7 |  7.4
Fighting       | 1 2 3 4 7 |  7.0
Unarmed Combat | 1 2 3 4 5 6 |  6.5
Spellcasting   | 3 4 6 |  6.3
Summonings     | 5 6 7 |  7.4
Ice Magic      | 2 |  2.2
Air Magic      | 1 |  1.3
Evocations     | 1 |  1.0

Action                   |  1- 3 |  4- 6 |  7- 9 | 10-12 || total
-------------------------+-------+-------+-------+-------++-------
Melee: Unarmed           |   168 |   121 |   573 |    71 ||   933
       Bite              |    12 |    13 |    50 |    10 ||    85
       Punch             |       |     2 |    14 |     3 ||    19
 Cast: Summon Small Mamm |    17 |     9 |    72 |     4 ||   102
       Call Imp          |    14 |    24 |   108 |     9 ||   155
       Call Canine Famil |       |     5 |    27 |     1 ||    33
       Summon Ice Beast  |       |       |    42 |     4 ||    46
       Summon Guardian G |       |       |    12 |     2 ||    14
Evoke: Wand              |       |       |     7 |       ||     7
  Use: Potion            |       |     1 |     2 |       ||     3
       Scroll            |       |       |    15 |       ||    15
 Stab: Distracted        |     3 |     1 |     9 |     1 ||    14
       Sleeping          |     5 |     8 |    31 |       ||    44
  Eat: Chunk             |    13 |     7 |    35 |     2 ||    57
Armor: Skin              |    17 |     5 |    38 |     6 ||    66
Dodge: Dodged            |   148 |   109 |   498 |   100 ||   855
